Map: Orbital Shipyard

Players

배와꾸

  • Race: Terran Terran
  • League: Grandmaster

Toons - Winner!

  • Race: Terran Terran
  • League: Silver

VOD

Have the link to the VOD?

Description

Time

  • Played on: Aug. 5, 2015, 12:43 a.m.
  • Length: 13:47
Show
View Real Time Build Order
Export as new Build Order

배와꾸 Terran 

Build Orders: Mech, Banshee Rush 

Get SALT Encoding   

  12  0:01  SCV  
  13  0:21  Supply Depot, SCV  
  14  0:33  SCV  
  15  0:54  SCV  
  15  0:56  Refinery  
  16  0:57  Barracks  
  16  1:18  SCV  
  17  1:28  Supply Depot  
  17  1:32  SCV  
  18  1:40  Refinery  
  18  1:44  Marine  
  18  2:03  Factory  
  18  2:05  Marine  
  20  2:20  Orbital Command  
  19  2:22  Marine  
  20  2:32  Command Center  
  20  2:51  Starport  
  20  2:56  Factory Tech Lab  
  20  3:01  SCV  
  21  3:07  Marine  
  22  3:14  SCV  
  23  3:37  Factory Reactor  
  23  3:38  Cloaking Field  
  23  3:39  Banshee  
  26  3:42  SCV  
  26  3:44  Supply Depot  
  27  3:53  Orbital Command  
  27  4:06  SCV  
  28  4:16  Hellion  
  28  4:17  Hellion  
  32  4:37  SCV  
  32  4:38  Hellion x2  
  35  5:10  Supply Depot  
  35  5:12  SCV  
  36  5:20  Factory  
  36  5:24  SCV  
  36  5:27  SCV  
  38  5:31  Siege Tank  
  38  5:33  Factory  
  41  5:36  SCV  
  41  5:37  Supply Depot  
  42  5:49  SCV  
  43  5:50  Supply Depot  
  43  5:53  Viking  
  45  5:59  Viking  
  45  6:01  SCV  
  48  6:04  Factory Reactor  
  48  6:06  Siege Tank  
  51  6:13  SCV  
  52  6:23  Viking  
  52  6:25  SCV  
  55  6:27  Command Center  
  55  6:37  Viking  
  55  6:38  Armory  
  55  6:39  Factory Tech Lab  
  57  6:47  SCV  
  58  6:48  Factory  
  58  6:52  Refinery  
  58  6:56  Refinery  
  58  6:59  SCV  
  59  7:04  Viking  
  61  7:17  Supply Depot, Hellion  
  61  7:19  SCV  
  64  7:27  Terran Vehicle Weapons Level 1  
  64  7:29  Armory  
  64  7:31  SCV  
  65  7:40  Factory Reactor  
  65  7:42  Siege Tank  
  65  7:44  Hellion x2  
  73  7:51  SCV  
  73  7:55  Engineering Bay  
  73  8:01  SCV  
  73  8:03  Siege Tank  
  77  8:14  Siege Tank  
  78  8:32  Orbital Command  
  78  8:35  Liberator  
  74  8:59  Hellbat x4  
  74  9:00  Hellbat x2  
  86  9:14  SCV  
  87  9:18  Viking  
  87  9:20  Hellbat  
  93  9:24  Hellbat  
  93  9:27  Terran Vehicle And Ship Armor Level 1  
  93  9:33  Missile Turret  
  93  9:36  Supply Depot  
  93  9:57  SCV, Siege Tank x2  
  100  10:03  Supply Depot  
  100  10:07  Liberator  
  100  10:09  SCV  
  101  10:25  SCV, Supply Depot, Hellbat x2  
  109  10:30  Liberator  
  109  10:33  Terran Vehicle Weapons Level 2  
  109  10:43  Factory  
  109  10:46  Starport  
  109  10:47  SCV  
  109  10:48  Refinery  
  113  10:50  Supply Depot  
  113  10:59  SCV  
  114  11:09  Viking  
  116  11:11  SCV  
  116  11:23  SCV  
  103  11:26  Factory Reactor  
  103  11:30  Viking  
  105  11:39  SCV  
  94  11:40  Viking  
  84  11:51  SCV, Infernal Pre-Igniter  
  76  12:00  Viking  
  78  12:04  SCV  
  79  12:10  Viking  
  81  12:16  SCV  
  81  12:17  Refinery  
  82  12:28  SCV  
  82  12:29  Viking  
  85  12:40  SCV, Viking  
  88  12:52  SCV, Siege Tank  
  92  12:59  Viking  
  94  13:18  Supply Depot  
Show
View Real Time Build Order
Export as new Build Order

Toons Terran - Winner!

Build Orders: MMM Bio 

Get SALT Encoding   

  12  0:01  SCV  
  13  0:13  SCV  
  14  0:18  Supply Depot  
  14  0:25  SCV  
  15  0:39  SCV  
  15  0:41  Barracks  
  16  0:46  Refinery  
  16  0:52  SCV  
  17  1:04  SCV  
  18  1:18  SCV  
  18  1:24  Supply Depot  
  19  1:30  Marine  
  20  1:42  Command Center  
  20  1:49  SCV  
  20  1:50  Marine  
  22  2:07  SCV  
  23  2:08  Marine  
  23  2:13  Refinery  
  24  2:18  Factory  
  24  2:26  SCV, Marine  
  26  2:38  Supply Depot  
  26  2:40  SCV  
  27  2:52  Barracks Tech Lab  
  27  2:56  Orbital Command  
  27  3:04  Widow Mine  
  29  3:12  Marauder  
  31  3:17  Stimpack  
  31  3:25  Orbital Command  
  31  3:30  SCV  
  32  3:40  Marine  
  33  3:42  Widow Mine  
  35  3:49  Barracks  
  35  3:55  Engineering Bay  
  36  4:02  SCV  
  36  4:03  SCV  
  36  4:09  Supply Depot  
  37  4:13  Barracks  
  37  4:17  Marine  
  37  4:19  SCV x2  
  40  4:35  Marine  
  41  4:41  Marine  
  41  4:44  Widow Mine  
  42  4:53  Marine  
  42  4:59  Marine  
  43  5:04  Missile Turret  
  41  5:08  Missile Turret  
  41  5:11  Marine  
  41  5:12  Missile Turret  
  41  5:13  Widow Mine  
  44  5:15  SCV  
  44  5:16  SCV  
  44  5:17  Barracks Reactor  
  44  5:18  Barracks Reactor  
  46  5:32  Terran Infantry Weapons Level 1  
  46  5:33  SCV x2  
  46  5:34  Missile Turret  
  48  5:41  Widow Mine  
  50  5:46  Marine  
  51  5:52  Refinery  
  51  5:53  Refinery  
  51  5:55  Supply Depot  
  51  6:03  SCV x2  
  53  6:04  Barracks x2, Marine  
  53  6:10  Marine x2  
  56  6:14  Marine x2  
  58  6:25  Missile Turret  
  58  6:27  Missile Turret  
  58  6:32  Armory  
  58  6:33  Combat Shields  
  58  6:39  SCV x2  
  60  6:51  Factory Tech Lab  
  60  6:54  Barracks Reactor, Barracks Tech Lab  
  60  6:56  Marine x4  
  60  6:57  Marauder  
  66  7:09  Starport  
  66  7:13  Supply Depot  
  66  7:14  Supply Depot  
  66  7:16  Supply Depot, Marine x3  
  66  7:21  Missile Turret  
  69  7:30  Terran Vehicle And Ship Armor Level 1, Terran Infantry Weapons Level 2  
  69  7:35  Marauder  
  71  7:46  Siege Tank  
  71  7:48  Starport Reactor  
  74  7:56  Marine x4  
  74  7:57  Marine x3  
  74  7:58  Marauder  
  83  8:04  Command Center  
  83  8:15  Marauder  
  85  8:27  Marine x2  
  85  8:28  Marine x4  
  85  8:29  Marauder  
  85  8:33  SCV  
  94  8:44  Supply Depot  
  94  8:49  Supply Depot  
  94  8:50  Supply Depot  
  94  9:03  SCV x2  
  94  9:04  Barracks  
  94  9:06  Medivac x2  
  94  9:07  Barracks x2  
  94  9:15  SCV  
  94  9:16  SCV  
  96  9:17  Siege Tank  
  99  9:28  SCV x2  
  99  9:30  Marine  
  99  9:31  Marauder, Marine x3  
  104  9:32  Marauder  
  104  9:38  Orbital Command  
  109  9:40  SCV  
  110  9:53  Marauder x2  
  114  10:15  Marine x3  
  114  10:16  Marauder x2  
  114  10:17  Medivac x2  
  125  10:22  SCV  
  126  10:32  Barracks Reactor x2  
  126  10:34  SCV, Barracks Tech Lab  
  127  10:37  Marauder x2  
  131  10:46  SCV  
  132  10:54  Supply Depot  
  132  10:55  Supply Depot  
  132  10:56  Supply Depot  
  132  11:00  Supply Depot  
  128  11:15  Thor  
  134  11:26  SCV x3  
  134  11:29  Marine x4  
  134  11:30  Marine x4  
  134  11:31  Marauder x3  
  151  11:32  Medivac  
  151  11:33  Medivac  
  150  11:52  Marauder x3  
  141  12:03  Thor  
  147  12:11  Medivac  
  147  12:13  Marauder  
  147  12:14  Marauder x2  
  155  12:24  Engineering Bay  
  155  12:29  Refinery x2  
  155  12:42  Missile Turret  
  155  12:46  Missile Turret  
  155  12:47  Marine x2, Marauder x2  
  155  12:48  Marine x3  
  164  12:54  Command Center  
  164  12:55  Supply Depot  
  164  12:57  Supply Depot  
  164  12:58  Supply Depot  
  164  12:59  Supply Depot  
  164  13:05  Missile Turret  
  164  13:08  Missile Turret, Medivac x2  
Tags
 
Composition
MMM BioMech
Matchup
TvT
Race
Terran
Replay Pack
nubstuff
Strategy
Banshee Rush
Add a new tag
Caveats
  • Supply blocks, unpowered buildings, or Contaminate may cause inaccurate times.
  • Supply counts are checked every 10 seconds.